 Dungeon Crawl Stone Soup version 0.29.1-1-gd02db6906a (webtiles) character file.

Game seed: 14513587428421749216

1074 Renzlar the Shield-Bearer (level 8, -1/52 (67) HPs)
             Began as a Gnoll Fighter on Sept 17, 2022.
             Slain by Edmund
             ... wielding a +4 flail of draining
              (11 damage)
             ... on level 5 of the Dungeon.
             The game lasted 00:14:41 (3885 turns).

Renzlar the Shield-Bearer (Gnoll Fighter)           Turns: 3885, Time: 00:14:42

HP:   -1/52 (67)    AC: 11    Str: 18    XL:     8   Next: 29%
MP:   12/12         EV: 10    Int:  7    God:
Gold: 159           SH:  5    Dex: 12    Spells: 13/13 levels left

rFire   . . .      SeeInvis .   a - +1 war axe
rCold   . . .      Faith    .   c - +0 buckler
rNeg    + . .      Spirit   .   b - +1 scale mail
rPois   .          Reflect  .   p - +1 hat
rElec   .          Harm     .   (no cloak)
rCorr   .          Rampage  .   (no gloves)
Will    .....                   i - +0 pair of boots
Stlth   +.........              o - amulet of regeneration
HPRegen 0.97/turn               k - ring of positive energy
MPRegen 0.13/turn               (no ring)

@: heavily drained
A: fangs 1, strong nose, distributed training
a: no special abilities


You were on level 5 of the Dungeon.
You visited 1 branch of the dungeon, and saw 5 of its levels.

You collected 159 gold pieces.

Inventory:

Hand Weapons
 a - a +1 war axe (weapon)
 e - the +6 dagger of the Middle {vamp, Str+4}
   (You found it on level 2 of the Dungeon)

   It occasionally heals its wielder for a portion of the damage dealt when it
   wounds a living foe.
   Str:       It affects your strength (+4).
Missiles
 g - 8 boomerangs (quivered)
 m - 3 poisoned darts
Armour
 b - a +1 scale mail (worn)
 c - a +0 buckler (worn)
 i - a +0 pair of boots (worn)
 p - a +1 hat (worn)
Jewellery
 f - a +6 ring of intelligence
 k - a ring of positive energy (left hand)
 o - an amulet of regeneration (around neck)
Scrolls
 n - 2 scrolls of teleportation
 q - a scroll of fear {unknown}
 t - 2 scrolls of immolation {unknown}
Potions
 d - a potion of might
 h - a potion of invisibility
 j - a potion of haste
 l - 3 potions of curing
 r - 3 potions of flight
 s - a potion of ambrosia {unknown}


   Skills:
 + Level 7.4 Fighting
 + Level 3.2 Short Blades
 + Level 3.2 Long Blades
 + Level 5.7 Axes
 + Level 3.2 Maces & Flails
 + Level 3.2 Polearms
 + Level 3.2 Staves
 + Level 3.2 Ranged Weapons
 + Level 3.2 Throwing
 + Level 7.4 Armour
 + Level 3.2 Dodging
 + Level 3.2 Stealth
 + Level 7.4 Shields
 + Level 3.2 Unarmed Combat
 + Level 3.2 Spellcasting
 + Level 2.6 Conjurations
 + Level 2.6 Hexes
 + Level 2.6 Summonings
 + Level 2.6 Necromancy
 + Level 2.6 Translocations
 + Level 2.6 Transmutations
 + Level 2.6 Fire Magic
 + Level 2.6 Ice Magic
 + Level 2.6 Air Magic
 + Level 2.6 Earth Magic
 + Level 2.6 Poison Magic
 + Level 3.6 Invocations
 + Level 3.2 Evocations


You had 13 spell levels left.
You didn't know any spells.
Your spell library contained the following spells:

 Spells                   Type           Power      Damage    Failure   Level
 Ensorcelled Hibernation  Hex/Ice        8%         N/A       52%         2
 Ignite Poison            Fire/Tmut/Pois 4%         N/A       77%         3
 Mephitic Cloud           Conj/Pois/Air  4%         N/A       77%         3
 Spider Form              Tmut/Pois      4%         N/A       77%         3
 Anguish                  Hex/Necr       2%         N/A       99%         4
 Freezing Cloud           Conj/Ice/Air   2%         6-21      100%        5


Dungeon Overview and Level Annotations

Branches:
Dungeon (5/15)
 Temple: D:4-7

Altars:
Fedhas

Shops:
D:3 (   D:4 (

Annotations:
D:5 Edmund


Innate Abilities, Weirdness & Mutations

You have very sharp teeth.
Your uncanny sense of smell can sniff out nearby items.
Your experience applies equally to all skills.


Message History

Edmund is almost dead.
Edmund hits you but does no damage. You partially resist.
You catch the helpless Edmund completely off-guard!
You hit Edmund but do no damage.
Edmund is almost dead.
Edmund says, "People accused me of being a cutpurse!"
Edmund closely misses you.
Edmund hits you with a +4 flail of draining!
* * * LOW HITPOINT WARNING * * *
You partially resist.
You feel drained.
* * * LOW HITPOINT WARNING * * *
Unknown command.
You hit Edmund but do no damage.
Edmund is almost dead.
You block Edmund's attack. Edmund completely misses you.
You hit Edmund.
Edmund is almost dead.
Edmund hits you with a +4 flail of draining.
* * * LOW HITPOINT WARNING * * *
You partially resist.
You feel drained.
Unknown command.
There is an open door here.
You flicker for a moment.
You barely miss Edmund. You bite Edmund, but do no damage.
Edmund is almost dead.
Edmund hits you with a +4 flail of draining.
* * * LOW HITPOINT WARNING * * *
You partially resist.
You feel drained.
Unknown command.
You barely miss Edmund. You bite Edmund, but do no damage.
Edmund is almost dead.
Edmund hits you with a +4 flail of draining!
* * * LOW HITPOINT WARNING * * *
You partially resist.
You feel drained.
* * * LOW HITPOINT WARNING * * *
Unknown command.
You flicker back into view.
Edmund attacks as you move away!
Edmund hits you with a +4 flail of draining!
You die...

......................#
......................#
####.....#+#####......#
...'.....#.....#......+
...#.....#.....#......#
...#.....#.....#......#
####.....#.....#......#
.........#####'#.@....#
................@###'##
.................#...+
.................#...#
.................#...#
...............<.#..## +###
##+####'##########..###...#
..........................#
..........................#
..........................#


You could see Edmund.

Vanquished Creatures
  Prince Ribbit (D:5)
  A black bear (D:5)
  An ice beast (D:5)
  A centaur (D:5)
  2 phantoms (D:5)
  A scorpion (D:4)
  2 hounds (D:5)
  An orc priest (D:5)
  2 jellies (D:5)
  3 iguanas (D:5)
  An orc wizard (D:5)
  4 gnolls
  5 adders
  A white imp (D:5)
  A dart slug (D:2)
  2 orcs (D:5)
  3 bats (D:1)
  10 endoplasms
  3 giant cockroaches
  7 hobgoblins
  4 jackals
  5 kobolds
  5 quokkas
  9 ball pythons
  2 frilled lizards
  7 goblins
  12 rats
96 creatures vanquished.

Notes
Turn   | Place    | Note
-------+----------+-------------------------------------------
     0 | D:1      | Renzlar the Gnoll Fighter began the quest for the Orb.
     0 | D:1      | Reached XP level 1. HP: 23/23 MP: 1/1
   124 | D:1      | Reached XP level 2. HP: 25/29 MP: 2/2
   249 | D:1      | Reached XP level 3. HP: 31/35 MP: 3/3
   373 | D:1      | Reached skill level 1 in Invocations
   396 | D:1      | Found a faded altar of an unknown god.
   745 | D:2      | Reached skill level 1 in Short Blades
   745 | D:2      | Reached skill level 1 in Long Blades
   745 | D:2      | Reached skill level 1 in Maces & Flails
   745 | D:2      | Reached skill level 1 in Polearms
   745 | D:2      | Reached skill level 1 in Staves
   745 | D:2      | Reached skill level 1 in Ranged Weapons
   745 | D:2      | Reached skill level 1 in Throwing
   745 | D:2      | Reached skill level 1 in Dodging
   745 | D:2      | Reached skill level 1 in Stealth
   745 | D:2      | Reached skill level 1 in Unarmed Combat
   745 | D:2      | Reached skill level 1 in Spellcasting
   745 | D:2      | Reached skill level 1 in Evocations
   893 | D:2      | Identified the +6 dagger of the Middle {vamp, Str+4}
   983 | D:1      | Reached XP level 4. HP: 41/41 MP: 5/5
  1127 | D:3      | Found Joytiukh's Weapon Shoppe.
  1135 | D:3      | Reached skill level 1 in Conjurations
  1135 | D:3      | Reached skill level 1 in Hexes
  1135 | D:3      | Reached skill level 1 in Summonings
  1135 | D:3      | Reached skill level 1 in Necromancy
  1135 | D:3      | Reached skill level 1 in Translocations
  1135 | D:3      | Reached skill level 1 in Transmutations
  1135 | D:3      | Reached skill level 1 in Fire Magic
  1135 | D:3      | Reached skill level 1 in Ice Magic
  1135 | D:3      | Reached skill level 1 in Air Magic
  1135 | D:3      | Reached skill level 1 in Earth Magic
  1135 | D:3      | Reached skill level 1 in Poison Magic
  1800 | D:4      | Reached XP level 5. HP: 47/47 MP: 7/7
  2101 | D:4      | Found Eggaecue's Weapon Boutique.
  2269 | D:5      | Entered Level 5 of the Dungeon
  2381 | D:5      | Noticed an ice beast
  2402 | D:5      | Killed an ice beast
  2403 | D:5      | Reached skill level 5 in Axes
  2403 | D:5      | Reached XP level 6. HP: 39/53 MP: 7/9
  2620 | D:5      | Noticed a black bear
  2634 | D:5      | Killed a black bear
  2885 | D:5      | Reached XP level 7. HP: 60/60 MP: 10/10
  3216 | D:5      | Noticed Prince Ribbit
  3246 | D:5      | Killed Prince Ribbit
  3247 | D:5      | Reached XP level 8. HP: 14/67 MP: 12/12
  3654 | D:5      | Found a blossoming altar of Fedhas.
  3846 | D:5      | Noticed Edmund
  3885 | D:5      | Slain by Edmund

Illustrated notes

Levels and vault maps discovered:
D:1:      dpeg_arrival_three_same_balls, layout_rooms,
          shapermc_ecumenical_altar_notcrosses
D:2:      layout_rooms
D:3:      layout_rooms, serial_shops, nicolae_shop_crystal,
          minmay_misc_feat_ornament
D:4:      layout_cave_pods, serial_shops, shop
D:5:      layout_gridville, mainiacjoe_overflow_24_doors,
          amcnicky_mini_pool_medium, uniq_prince_ribbit1, uniq_edmund

Skill      XL: |  1  2  3  4  5  6  7 |
---------------+----------------------+-----
Invocations    | 1 2 3 |  3.6
Short Blades   | 1 2 3 |  3.2
Long Blades    | 1 2 3 |  3.2
Maces & Flails | 1 2 3 |  3.2
Polearms       | 1 2 3 |  3.2
Staves         | 1 2 3 |  3.2
Ranged Weapons | 1 2 3 |  3.2
Throwing       | 1 2 3 |  3.2
Dodging        | 1 2 3 |  3.2
Stealth        | 1 2 3 |  3.2
Unarmed Combat | 1 2 3 |  3.2
Spellcasting   | 1 2 3 |  3.2
Evocations     | 1 2 3 |  3.2
Conjurations   | 1 2 |  2.6
Hexes          | 1 2 |  2.6
Summonings     | 1 2 |  2.6
Necromancy     | 1 2 |  2.6
Translocations | 1 2 |  2.6
Transmutations | 1 2 |  2.6
Fire Magic     | 1 2 |  2.6
Ice Magic      | 1 2 |  2.6
Air Magic      | 1 2 |  2.6
Earth Magic    | 1 2 |  2.6
Poison Magic   | 1 2 |  2.6
Axes           | 5 |  5.7
Fighting       | 7 |  7.4
Armour         | 7 |  7.4
Shields        | 7 |  7.4

Action                   |  1- 3 |  4- 6 |  7- 9 || total
-------------------------+-------+-------+-------++-------
Melee: War axe           |    96 |    16 |    84 ||   196
       Bite              |     6 |    11 |    10 ||    27
       Dagger            |     6 |   117 |    11 ||   134
Throw: Boomerang         |     5 |     8 |    16 ||    29
       Dart              |       |     3 |     4 ||     7
  Use: Scroll            |     7 |     8 |     1 ||    16
       Potion            |       |       |     2 ||     2
 Stab: Invisible         |       |       |     1 ||     1
Armor: Scale mail        |    49 |    60 |    37 ||   146
Dodge: Dodged            |    49 |    36 |    32 ||   117
Block: Buckler           |    33 |    32 |    31 ||    96
